 Dungeon Crawl Stone Soup version 0.16-a0-1970-g0967df0 (webtiles) character file.

783 timbw the Caller (level 8, 0/52 HPs)
             Began as a Human Summoner on Nov 8, 2014.
             Slain by a killer bee (4 damage)
             ... on level 7 of the Dungeon.
             The game lasted 00:14:37 (2541 turns).

timbw the Caller (Human Summoner)                   Turns: 2541, Time: 00:14:38

Health: 0/52       AC:  5    Str:  9    XL:     8   Next: 11%
Magic:  12/21      EV: 12    Int: 17    God:
Gold:   212        SH:  0    Dex: 16    Spells: 4 memorised, 8 levels left

rFire  . . .     SeeInvis .     n - staff of energy
rCold  . . .     Clarity  .     o - +2 robe {MR+}
rNeg   . . .     SustAb   .     (no shield)
rPois  .         Gourm    .     (no helmet)
rElec  .         Spirit   .     (no cloak)
rCorr  .         Warding  .     j - +0 pair of gloves
rMut   .         Stasis   .     (no boots)
MR     +....                    (no amulet)
Stlth  ++........               (no ring)
                                y - +2 ring of dexterity

@: somewhat resistant to hostile enchantments, unstealthy
A: no striking features
a: no special abilities


You were on level 7 of the Dungeon.
You were not hungry.

You visited 1 branch of the dungeon, and saw 7 of its levels.

You collected 212 gold pieces.

Inventory:

Hand weapons
 e - a +1 club
 l - a +0 flail
Armour
 a - a +0 robe
 j - a +0 pair of gloves (worn)
 o - a +2 robe of magic resistance (worn)
Magical staves
 n - an uncursed staff of energy (weapon)
Jewellery
 x - an uncursed amulet of guardian spirit
 y - a +2 ring of dexterity (left hand)
Magical devices
 B - a wand of fire (12)
 C - a wand of lightning (7)
Scrolls
 d - 2 scrolls of identify
 g - 4 scrolls of remove curse
 s - 2 scrolls of enchant weapon
Potions
 f - a potion of lignification
 k - a potion of experience {unknown}
 q - a potion of curing {unknown}
 t - a potion of invisibility {unknown}
 u - a potion of haste {unknown}
 v - 2 potions of restore abilities {unknown}
 w - 3 potions of resistance {unknown}
Books
 b - a book of Callings

   Spells                             Type                      Level
   *Summon Small Mammal               Summoning                    1
   *Call Imp                          Summoning                    2
   *Call Canine Familiar              Summoning                    3
   Summon Guardian Golem              Hexes/Summoning              4
   *Summon Lightning Spire            Summoning/Air                4
   Summon Ice Beast                   Ice/Summoning                4
Comestibles
 c - 5 bread rations
 h - a meat ration
 i - 3 fruits
 m - a beef jerky
 A - a royal jelly
 D - 4 chunks of flesh


   Skills:
 - Level 2.0 Dodging
 - Level 2.0 Stealth
 + Level 5.8 Spellcasting
 + Level 7.2 Summonings


You had 8 spell levels left.
You knew the following spells:

 Your Spells              Type           Power        Failure   Level  Hunger
a - Summon Small Mammal   Summ           ####         1%          1    None
b - Call Imp              Summ           ####....     1%          2    None
c - Call Canine Familiar  Summ           ####....     1%          3    None
d - Summon Lightning Spi  Summ/Air       ###.....     30%         4    None


Dungeon Overview and Level Annotations

Branches:
Dungeon (7/15)
 Temple: D:4-7

Altars:
Cheibriados
Fedhas
Makhleb
Nemelex Xobeh
Ru
Xom
Yredelemnul

Shops:
D:5 [

Portals:
Ossuary: D:7

Annotations:
D:7 Blork the orc


Message History

Unknown command.
Something stings your lightning spire but does no damage.
Something stings your lightning spire.
The killer bee closely misses your crimson imp.
The killer bee stings you.
* * * LOW HITPOINT WARNING * * *
Something stings your lightning spire. x2
The adder misses you.
Your crimson imp hits the adder.
A puff of frost appears from out of your range of vision.
The puff of frost hits the adder.
The killer bee stings you.
* * * LOW HITPOINT WARNING * * *
The adder bites something but does no damage.
Your crimson imp hits the adder.
Casting: Summon Lightning Spire
Confirm with . or Enter, or press ? or * to list all spells.
The killer bee stings you.
* * * LOW HITPOINT WARNING * * *
Your white imp hits the adder but does no damage.
The killer bee stings you.
You die...

#.. #.. #.. . ##..
##...###...
###...........
##......#......
#####.....# ####...
####.@Sh...#### ##..
##...##y.......######..
#...#.##y§5.............
...#...8S5§§............
. #y.y.5§§....####.....
#..∩..§.....# ###...
#.......##..# #..#
#....5.####..# #.##
#.....#.5# #... ..#


You could see 2 killer bees, 2 adders, a friendly hound, 2 friendly crimson imps
and a friendly white imp.

Vanquished Creatures
  A killer bee (D:7)
  An adder (D:2)
  An ooze (D:2)
  A goblin (D:5)
  A hobgoblin (D:3)
  3 bats
  A hobgoblin zombie (D:6)
  A kobold (D:2)
  9 rats
  A ballistomycete (D:6)
20 creatures vanquished.

Vanquished Creatures (collateral kills)
  Pikel (D:5)
  A basilisk (D:6)
  A hungry ghost (D:7)
  2 ogres
  A phantom (D:4)
  2 giant frogs
  A hippogriff zombie (D:6)
  A hound (D:6)
  3 worker ants
  A hound skeleton (D:5)
  3 adders
  2 shadow imps (D:6)
  2 green rats (D:4)
  A worm (D:5)
  An adder skeleton (D:4)
  2 giant geckos
  5 orcs
  3 ball pythons
  A bat (D:5)
  A bat skeleton (D:6)
  2 giant cockroaches (D:4)
  5 goblins
  2 hobgoblins
  4 kobolds
  A quokka (D:3)
  A giant gecko skeleton (D:5)
  A giant newt (D:4)
  A hobgoblin skeleton (D:4)
  7 rats
  4 ballistomycetes (D:6)
63 creatures vanquished.

Vanquished Creatures (others)
  5 crimson imps
  7 hounds
  A lightning spire (D:7)
  5 shadow imps
  5 white imps
  3 bats
  3 quokkas
  A giant spore (D:6)
  2 rats
32 creatures vanquished.

Grand Total: 115 creatures vanquished

Notes
Turn   | Place    | Note
--------------------------------------------------------------
     0 | D:1      | timbw, the Human Summoner, began the quest for the Orb.
     0 | D:1      | Reached XP level 1. HP: 13/13 MP: 3/3
    92 | D:1      | Reached XP level 2. HP: 11/19 MP: 1/5
   114 | D:1      | Learned a level 2 spell: Call Imp
   258 | D:2      | Found a sparkling altar of Nemelex Xobeh.
   315 | D:2      | Reached XP level 3. HP: 13/24 MP: 0/6
   327 | D:2      | Learned a level 3 spell: Call Canine Familiar
   371 | D:2      | Found a sacrificial altar of Ru.
   372 | D:2      | Found a blossoming altar of Fedhas.
   373 | D:2      | Found a burning altar of Makhleb.
   375 | D:2      | Found a basalt altar of Yredelemnul.
   376 | D:2      | Found a shimmering altar of Xom.
   377 | D:2      | Found a snail-covered altar of Cheibriados.
   620 | D:5      | Entered Level 5 of the Dungeon
   940 | D:6      | Reached XP level 4. HP: 30/30 MP: 2/9
   988 | D:6      | Noticed a basilisk
  1039 | D:5      | Noticed a giant frog
  1048 | D:5      | Killed a giant frog
  1203 | D:4      | Noticed an ogre
  1231 | D:5      | Killed an ogre
  1231 | D:5      | Reached skill level 5 in Summonings
  1231 | D:5      | Reached XP level 5. HP: 11/35 MP: 2/11
  1247 | D:5      | Learned a level 4 spell: Summon Lightning Spire
  1387 | D:4      | Noticed a phantom
  1463 | D:4      | Found a blossoming altar of Fedhas.
  1590 | D:4      | Killed a phantom
  1590 | D:4      | Reached XP level 6. HP: 38/41 MP: 9/15
  1712 | D:5      | Noticed a slave
  1712 | D:5      | Noticed a slave
  1712 | D:5      | Noticed a slave
  1714 | D:5      | Noticed Pikel
  1725 | D:5      | Noticed a slave
  1744 | D:5      | Killed Pikel
  1744 | D:5      | Reached skill level 5 in Spellcasting
  1744 | D:5      | Reached skill level 6 in Summonings
  1744 | D:5      | Reached XP level 7. HP: 41/46 MP: 10/18
  1819 | D:5      | Found Gaaf Asutt's Armour Shop.
  2089 | D:6      | Killed a basilisk
  2223 | D:6      | Noticed a giant frog
  2223 | D:6      | Noticed an ogre
  2265 | D:6      | Killed a giant frog
  2302 | D:6      | Killed an ogre
  2472 | D:7      | Noticed a hungry ghost
  2491 | D:7      | Killed a hungry ghost
  2491 | D:7      | Reached skill level 7 in Summonings
  2491 | D:7      | Reached XP level 8. HP: 52/52 MP: 20/20
  2524 | D:7      | Found a sand-covered staircase.
  2529 | D:7      | Noticed Blork the orc
  2541 | D:7      | Slain by a killer bee

Action                   |  1- 3 |  4- 6 |  7- 9 || total
-------------------------+-------+-------+-------++-------
Melee: Club              |    49 |       |       ||    49
       Flail             |    12 |       |       ||    12
       Staff             |       |       |    25 ||    25
 Cast: Summon Small Mamm |     7 |     8 |     5 ||    20
       Call Imp          |    11 |    20 |    21 ||    52
       Call Canine Famil |     8 |    12 |    11 ||    31
       Summon Lightning  |       |       |     1 ||     1
Evoke: Staff of energy   |     1 |    31 |    13 ||    45
       Wand              |       |       |     1 ||     1
  Use: Scroll            |       |       |     8 ||     8
 Stab: Sleeping          |     1 |       |       ||     1
       Distracted        |       |       |     1 ||     1
  Eat: Chunk             |     1 |     4 |     4 ||     9
       Fruit             |     1 |       |       ||     1
